 Dungeon Crawl Stone Soup version 0.28.0 (webtiles) character file.

Game seed: 13805146634893929711

99 croobank the Skirmisher (level 4, -7/41 HPs)
             Began as a Gnoll Abyssal Knight on Feb 8, 2022.
             Was a Believer of Lugonu.
             Mangled by a gnoll (10 damage)
             ... on level 2 of the Dungeon.
             The game lasted 00:06:43 (1355 turns).

croobank the Skirmisher (Gnoll Abyssal Knight)      Turns: 1355, Time: 00:06:43

Health: -7/41      AC:  7    Str: 12    XL:     4   Next: 72%
Magic:  7/7        EV: 11    Int: 11    God:    Lugonu [**....]
Gold:   129        SH:  0    Dex: 13    Spells: 2/5 levels left

rFire   . . .      SeeInvis .   a - +0 war axe
rCold   . . .      Faith    .   (no shield)
rNeg    . . .      Spirit   .   d - +0 ring mail
rPois   .          Reflect  .   (no helmet)
rElec   .          Harm     .   (no cloak)
rCorr   .          Rampage  .   (no gloves)
Will    .....                   o - +0 pair of boots
Stlth   +.........              (no amulet)
HPRegen 0.13/turn               (no ring)
MPRegen 0.10/turn               (no ring)

@: no status effects
A: fangs 1, strong nose, distributed training
a: Renounce Religion, Depart the Abyss, Bend Space


You were on level 2 of the Dungeon.
You worshipped Lugonu.
Lugonu was pleased with you.
You visited 1 branch of the dungeon, and saw 4 of its levels.
You visited the Abyss 1 time.

You collected 129 gold pieces.

Inventory:

Hand Weapons
 a - a +0 war axe (weapon)
 b - a +0 hunting sling
 q - a +1 hand axe
Missiles
 k - 67 stones
 p - 22 sling bullets
Armour
 c - a +0 leather armour
 d - a +0 ring mail (worn)
 m - a +0 chain mail
 o - a +0 pair of boots (worn)
Scrolls
 f - a scroll of blinking {unknown}
 h - a scroll of fog {unknown}
 i - a scroll of teleportation {unknown}
 n - 2 scrolls of identify {unknown}
Potions
 e - a potion of might {unknown}
 g - a potion of cancellation {unknown}
 j - 2 potions of flight {unknown}
 l - a potion of mutation {unknown}


   Skills:
 + Level 6.6 Fighting
 + Level 1.2 Short Blades
 + Level 1.2 Long Blades
 + Level 4.7 Axes
 + Level 1.2 Maces & Flails
 + Level 1.2 Polearms
 + Level 1.2 Staves
 + Level 1.2 Slings
 + Level 1.2 Bows
 + Level 1.2 Crossbows
 + Level 1.2 Throwing
 + Level 4.7 Armour
 + Level 2.8 Dodging
 + Level 1.2 Stealth
 + Level 1.2 Shields
 + Level 1.2 Unarmed Combat
 + Level 1.2 Spellcasting
 + Level 1.0 Conjurations
 + Level 1.0 Hexes
 + Level 1.0 Summonings
 + Level 1.0 Necromancy
 + Level 1.0 Translocations
 + Level 1.0 Transmutations
 + Level 1.0 Fire Magic
 + Level 1.0 Ice Magic
 + Level 1.0 Air Magic
 + Level 1.0 Earth Magic
 + Level 1.0 Poison Magic
 + Level 4.7 Invocations
 + Level 1.2 Evocations


You had 2 spell levels left.
You knew the following spells:

 Your Spells              Type           Power      Damage    Failure   Level
a - Stone Arrow           Conj/Erth      4%         3d7       78%         3

Your spell library contained the following spells:

 Spells                   Type           Power      Damage    Failure   Level
 Blink                    Tloc           4%         N/A       54%         2
 Animate Armour           Summ/Erth      4%         N/A       99%         4
 Manifold Assault         Tloc           2%         N/A       100%        5
 Storm Form               Tmut/Air       1%         N/A       100%        7
 Lehudib's Crystal Spear  Conj/Erth      1%         10d2      100%        8


Dungeon Overview and Level Annotations

Branches:
Dungeon (4/15)
 Temple: D:4-7

Altars:
The Shining One


Innate Abilities, Weirdness & Mutations

You have very sharp teeth.
Your uncanny sense of smell can sniff out nearby items.
Your experience applies equally to all skills.


Message History

Your Summonings skill increases to level 1!
Your Necromancy skill increases to level 1!
Your Translocations skill increases to level 1!
Your Transmutations skill increases to level 1!
Your Fire Magic skill increases to level 1!
Your Ice Magic skill increases to level 1!
Your Air Magic skill increases to level 1!
Your Earth Magic skill increases to level 1!
Your Poison Magic skill increases to level 1!
n - 2 scrolls labelled XOPPOI FABI (gained 1)
You see here a +0 halberd.
You see here 14 gold pieces.
You now have 129 gold pieces (gained 14).
The gnoll shouts! x2; You hear a shout!
The gnoll hits you with a +0 spear.
You hit the gnoll.
The gnoll is heavily wounded.
The gnoll barely misses you.
You closely miss the gnoll.
The gnoll is heavily wounded.
The gnoll hits you but does no damage.
You hit the gnoll.
The gnoll is almost dead.
The gnoll closely misses you.
You barely miss the gnoll.
The gnoll is almost dead.
The gnoll hits you with a +0 spear. x2
You slash the gnoll!
You kill the gnoll!
Lugonu accepts your kill. The gnoll barely misses you.
You see here a +0 spear.
You hit the gnoll.
The gnoll is lightly wounded.
The gnoll hits you with a +0 halberd!
* * * LOW HITPOINT WARNING * * *
The gnoll hits you with a +0 halberd.
* * * LOW HITPOINT WARNING * * *
The gnoll hits you from afar with a +0 halberd!
You die...

##### ..... ∆ ......
## #......
#....#..##g...... #
#....#.##)# ##
#....#.#@## .#
#....#...#
.########....#.).#
........#........#
.####.###........#
......###........#
†..............<.'....
#.....#..........#####
#.....#.....######


You could see a gnoll.

Vanquished Creatures
  A hound skeleton (D:4)
  2 gnolls (D:2)
  2 adders
  A worm (D:2)
  4 dart slugs (D:1)
  4 bats
  2 endoplasms
  2 giant cockroaches (D:1)
  A goblin (D:4)
  7 hobgoblins
  2 jackals (D:4)
  2 quokkas (D:2)
  4 ball pythons (D:1)
  2 frilled lizards (D:1)
  A kobold (D:1)
  3 rats
40 creatures vanquished.

Vanquished Creatures (others)
  2 fungi (D:1)
2 creatures vanquished.

Grand Total: 42 creatures vanquished

Notes
Turn   | Place    | Note
-------+----------+-------------------------------------------
     0 | Abyss:1  | croobank the Gnoll Abyssal Knight began the quest for the
                  | Orb.
     0 | Abyss:1  | Reached XP level 1. HP: 23/23 MP: 3/3
    10 | D:1      | Escaped the Abyss
    83 | D:1      | Reached XP level 2. HP: 27/29 MP: 5/5
   139 | D:1      | Found a faded altar of an unknown god.
   484 | D:1      | Reached XP level 3. HP: 35/35 MP: 6/6
   619 | D:1      | Learned a level 3 spell: Stone Arrow
   757 | D:2      | You fall into a shaft and drop 2 floors!
   816 | D:4      | Reached ** piety under Lugonu
  1048 | D:4      | Reached skill level 1 in Short Blades
  1048 | D:4      | Reached skill level 1 in Long Blades
  1048 | D:4      | Reached skill level 1 in Maces & Flails
  1048 | D:4      | Reached skill level 1 in Polearms
  1048 | D:4      | Reached skill level 1 in Staves
  1048 | D:4      | Reached skill level 1 in Slings
  1048 | D:4      | Reached skill level 1 in Bows
  1048 | D:4      | Reached skill level 1 in Crossbows
  1048 | D:4      | Reached skill level 1 in Throwing
  1048 | D:4      | Reached skill level 1 in Stealth
  1048 | D:4      | Reached skill level 1 in Shields
  1048 | D:4      | Reached skill level 1 in Unarmed Combat
  1048 | D:4      | Reached skill level 1 in Spellcasting
  1048 | D:4      | Reached skill level 1 in Evocations
  1048 | D:4      | Reached XP level 4. HP: 38/41 MP: 7/7
  1096 | D:2      | Found a glowing golden altar of the Shining One.
  1343 | D:2      | Reached skill level 1 in Conjurations
  1343 | D:2      | Reached skill level 1 in Hexes
  1343 | D:2      | Reached skill level 1 in Summonings
  1343 | D:2      | Reached skill level 1 in Necromancy
  1343 | D:2      | Reached skill level 1 in Translocations
  1343 | D:2      | Reached skill level 1 in Transmutations
  1343 | D:2      | Reached skill level 1 in Fire Magic
  1343 | D:2      | Reached skill level 1 in Ice Magic
  1343 | D:2      | Reached skill level 1 in Air Magic
  1343 | D:2      | Reached skill level 1 in Earth Magic
  1343 | D:2      | Reached skill level 1 in Poison Magic
  1355 | D:2      | Mangled by a gnoll

Illustrated notes

Levels and vault maps discovered:
D:1:      dpeg_arrival_simpleton_b, layout_rooms,
          shapermc_ecumenical_altar_mp_urbaneastern, minivault_5
D:2:      layout_basic, basic_altar, serial_shops, nicolae_shop_crystal,
          minmay_cut_off
D:3:      layout_rooms, uniq_terence, uniq_grinder
D:4:      layout_loops_cross, serial_shops, shop

Skill      XL: |  1  2  3  4 |
---------------+-------------+-----
Short Blades   | 1 |  1.2
Long Blades    | 1 |  1.2
Maces & Flails | 1 |  1.2
Polearms       | 1 |  1.2
Staves         | 1 |  1.2
Slings         | 1 |  1.2
Bows           | 1 |  1.2
Crossbows      | 1 |  1.2
Throwing       | 1 |  1.2
Stealth        | 1 |  1.2
Shields        | 1 |  1.2
Unarmed Combat | 1 |  1.2
Spellcasting   | 1 |  1.2
Evocations     | 1 |  1.2
Conjurations   | 1 |  1.0
Hexes          | 1 |  1.0
Summonings     | 1 |  1.0
Necromancy     | 1 |  1.0
Translocations | 1 |  1.0
Transmutations | 1 |  1.0
Fire Magic     | 1 |  1.0
Ice Magic      | 1 |  1.0
Air Magic      | 1 |  1.0
Earth Magic    | 1 |  1.0
Poison Magic   | 1 |  1.0
Fighting       | |  6.6
Axes           | |  4.7
Armour         | |  4.7
Dodging        | |  2.8
Invocations    | |  4.7

Action                   |  1- 3 |  4- 6 || total
-------------------------+-------+-------++-------
Melee: Hand axe          |    69 |    16 ||    85
       Bite              |     5 |       ||     5
       War axe           |       |    14 ||    14
 Fire: Hunting sling     |     1 |       ||     1
Armor: Leather armour    |     4 |       ||     4
       Ring mail         |    16 |     8 ||    24
Dodge: Dodged            |    51 |    18 ||    69
